ITL
WISCONSIN TIMBER RATTLERS @ TRENTON STARS
08/13/2025
 
TOP OF THE 1ST
Wisconsin Timber Rattlers batting - Pitching for Trenton Stars : RHP Juan Vázquez
Pitching: RHP Juan Vázquez
Batting: RHB Koin Tanaka 0-0: SINGLE (Line Drive, 9LS)
Batting: RHB Murdoch Norton 0-0: Ball
Wild Pitch!
Koin Tanaka to second
1-0: Called Strike
1-1: Called Strike
1-2: Ground out 5-3 (Groundball, 5)
Batting: RHB Alfredo Padilla 0-0: Called Strike
0-1: Called Strike
0-2: Ball
1-2: Foul Ball, location: 2F
1-2: Ball
2-2: Strikes out swinging
Batting: LHB Tony Ortíz 0-0: Ball
Passed Ball!
Koin Tanaka to third
1-0: Fly out, F7 (Flyball, 78M)
Top of the 1st over - 0 run(s), 1 hit(s), 0 error(s), 1 left on base; Wisconsin 0 - Trenton 0
BOTTOM OF THE 1ST
Trenton Stars batting - Pitching for Wisconsin Timber Rattlers : RHP Mark Tidwell
Pitching: RHP Mark Tidwell
Batting: RHB Rafael Canales 0-0: Ball
1-0: Fly out, F2 (Popup, 2LF)
Batting: RHB Felipe Olivas 0-0: Foul Ball, location: 2F
0-1: Ground out 5-3 (Groundball, 5)
Batting: LHB Jeff Gordon 0-0: SOLO HOME RUN (Line Drive, 9D), Distance : 358 ft
Batting: RHB Clancy Booker 0-0: Called Strike
0-1: Ball
1-1: Ball
2-1: Ground out 5-3 (Groundball, 56)
Bottom of the 1st over - 1 run(s), 1 hit(s), 0 error(s), 0 left on base; Wisconsin 0 - Trenton 1
TOP OF THE 2ND
Wisconsin Timber Rattlers batting - Pitching for Trenton Stars : RHP Juan Vázquez
Batting: RHB William Farmer 0-0: Foul Ball, location: 2F
0-1: Hit by Pitch
Batting: RHB Vicente Vélez 0-0: Swinging Strike
0-1: Called Strike
0-2: Ball
1-2: Ball
2-2: SINGLE (Groundball, 6D)
William Farmer to second
Batting: RHB António Pérez 0-0: Called Strike
0-1: Swinging Strike
0-2: Ball
1-2: Strikes out swinging
Batting: RHB Ulysse Bélisle 0-0: Ball
1-0: Ball
2-0: Foul Ball, location: 2F
2-1: Foul Ball, location: 2F
2-2: Ground out 5-3 (Groundball, 56S)
William Farmer to third
Vicente Vélez to second
Batting: RHB Joseph Stone 0-0: Foul Ball, location: 2F
0-1: Called Strike
0-2: Strikes out looking
Top of the 2nd over - 0 run(s), 1 hit(s), 0 error(s), 2 left on base; Wisconsin 0 - Trenton 1
BOTTOM OF THE 2ND
Trenton Stars batting - Pitching for Wisconsin Timber Rattlers : RHP Mark Tidwell
Batting: LHB Ju-wei Shiu 0-0: Swinging Strike
0-1: Ball
1-1: Ball
2-1: Swinging Strike
2-2: SINGLE (Line Drive, 89S)
Batting: RHB Nick Bowman 0-0: Foul Ball, location: 2F
0-1: Ball
1-1: Ball
2-1: Foul Ball, location: 2F
2-2: Foul Ball, location: 2F
2-2: Foul Ball, location: 2F
2-2: Ball
3-2: Fly out, F6 (Popup, 6M)
Batting: LHB Alonzo Medine 0-0: Foul Ball, location: 2F
0-1: Ball
1-1: Ball
2-1: Foul Ball, location: 2F
2-2: SINGLE (Groundball, 56)
Ju-wei Shiu to second
Batting: LHB Alberto Gómez 0-0: Called Strike
0-1: Called Strike
0-2: Fielders Choice at 2nd, 6-4 (Groundball, 6)
Ju-wei Shiu to third
Now at 2B: Sam Gates
Batting: SHB Rafael Villa 0-0: Ball
1-0: 3-RUN HOME RUN (Flyball, 9LD), Distance : 326 ft
Batting: RHB Rafael Canales 0-0: Ball
1-0: Ball
2-0: Called Strike
2-1: DOUBLE (Flyball, 7LD)
Batting: RHB Felipe Olivas 0-0: Swinging Strike
0-1: DOUBLE (Groundball, 3L)
Rafael Canales scores
Batting: LHB Jeff Gordon 0-0: Ball
1-0: Foul Ball, location: 2F
1-1: Foul Ball, location: 2F
1-2: 2-RUN HOME RUN (Flyball, 7D), Distance : 374 ft
Batting: RHB Clancy Booker 0-0: Foul Ball, location: 2F
0-1: Swinging Strike
0-2: Strikes out looking
Bottom of the 2nd over - 6 run(s), 6 hit(s), 0 error(s), 0 left on base; Wisconsin 0 - Trenton 7
TOP OF THE 3RD
Wisconsin Timber Rattlers batting - Pitching for Trenton Stars : RHP Juan Vázquez
Batting: RHB Koin Tanaka 0-0: SOLO HOME RUN (Flyball, 9D), Distance : 357 ft
Batting: RHB Murdoch Norton 0-0: Ground out 6-3 (Groundball, 6)
Batting: RHB Alfredo Padilla 0-0: Called Strike
0-1: Ball
1-1: Called Strike
1-2: Foul Ball, location: 2F
1-2: Foul Ball, location: 2F
1-2: Strikes out looking
Batting: LHB Tony Ortíz 0-0: Called Strike
0-1: Foul Ball, location: 2F
0-2: Ball
1-2: Foul Ball, location: 2F
1-2: Ball
2-2: Ball
3-2: Foul Ball, location: 2F
3-2: Strikes out swinging
Top of the 3rd over - 1 run(s), 1 hit(s), 0 error(s), 0 left on base; Wisconsin 1 - Trenton 7
BOTTOM OF THE 3RD
Trenton Stars batting - Pitching for Wisconsin Timber Rattlers : RHP Mark Tidwell
Batting: LHB Ju-wei Shiu 0-0: Foul Ball, location: 2F
0-1: Ball
1-1: Swinging Strike
1-2: Foul Ball, location: 2F
1-2: Ball
2-2: Ground out 6-3 (Groundball, 6)
Batting: RHB Nick Bowman 0-0: Called Strike
0-1: Ground out 6-3 (Groundball, 6)
Batting: LHB Alonzo Medine 0-0: Called Strike
0-1: Ball
1-1: Ball
2-1: Called Strike
2-2: Ground out U3 (Groundball, 3L)
Bottom of the 3rd over - 0 run(s), 0 hit(s), 0 error(s), 0 left on base; Wisconsin 1 - Trenton 7
TOP OF THE 4TH
Wisconsin Timber Rattlers batting - Pitching for Trenton Stars : RHP Juan Vázquez
Batting: RHB William Farmer 0-0: Foul Ball, location: 2F
0-1: Swinging Strike
0-2: Ball
1-2: SINGLE (Line Drive, 3D)
Batting: RHB Vicente Vélez 0-0: Foul Ball, location: 2F
0-1: Called Strike
0-2: Strikes out swinging
Batting: RHB António Pérez 0-0: Ball
1-0: Foul Ball, location: 2F
1-1: Foul Ball, location: 2F
1-2: Hit by Pitch
William Farmer to second
Batting: RHB Ulysse Bélisle 0-0: Ball
1-0: Called Strike
1-1: Grounds into double play, 4-6-3 (Groundball, 4M)
Top of the 4th over - 0 run(s), 1 hit(s), 0 error(s), 1 left on base; Wisconsin 1 - Trenton 7
BOTTOM OF THE 4TH
Trenton Stars batting - Pitching for Wisconsin Timber Rattlers : RHP Mark Tidwell
Pitching: RHP Jerry Terry
Batting: LHB Alberto Gómez 0-0: Ball
1-0: Called Strike
1-1: SINGLE (Line Drive, 78S)
Batting: SHB Rafael Villa 0-0: Foul Ball, location: 2F
0-1: Foul Ball, location: 2F
0-2: Ball
1-2: Strikes out swinging
Batting: RHB Rafael Canales 0-0: Ball
1-0: Grounds into double play, 6-4-3 (Groundball, 6)
Bottom of the 4th over - 0 run(s), 1 hit(s), 0 error(s), 0 left on base; Wisconsin 1 - Trenton 7
TOP OF THE 5TH
Wisconsin Timber Rattlers batting - Pitching for Trenton Stars : RHP Juan Vázquez
Batting: RHB Sam Gates 0-0: Called Strike
0-1: Called Strike
0-2: Ball
1-2: Ball
2-2: DOUBLE (Flyball, 78D)
Batting: RHB Koin Tanaka Balk!
Sam Gates to third
0-0: SINGLE (Line Drive, 7LS)
Sam Gates scores
Batting: RHB Murdoch Norton 0-0: Called Strike
0-1: Ball
1-1: DOUBLE (Flyball, 8LD)
Koin Tanaka to third
Batting: RHB Alfredo Padilla 0-0: Fly out, F8 (Flyball, 8LM)
Throwing error, E8
Koin Tanaka scores
Murdoch Norton to third
Batting: LHB Tony Ortíz 0-0: Foul Ball, location: 2F
0-1: Foul Ball, location: 2F
0-2: Ball
1-2: Foul Ball, location: 2F
1-2: Strikes out swinging
Batting: RHB William Farmer 0-0: Ball
1-0: Foul Ball, location: 2F
1-1: Foul Ball, location: 2F
1-2: SINGLE (Groundball, 56D)
Murdoch Norton scores
Batting: RHB Vicente Vélez Pickoff Throw to First - Error! E1
William Farmer to second
0-0: Ball
1-0: Foul Ball, location: 2F
1-1: Ground out 3-1 (Groundball, 34)
Top of the 5th over - 3 run(s), 4 hit(s), 2 error(s), 1 left on base; Wisconsin 4 - Trenton 7
BOTTOM OF THE 5TH
Trenton Stars batting - Pitching for Wisconsin Timber Rattlers : RHP Jerry Terry
Batting: RHB Felipe Olivas 0-0: Ball
1-0: Ball
2-0: Ground out U3 (Groundball, 3S)
Batting: LHB Jeff Gordon 0-0: Foul Ball, location: 2F
0-1: Swinging Strike
0-2: Foul Ball, location: 2F
0-2: Foul Ball, location: 2F
0-2: Ball
1-2: Strikes out swinging
Batting: RHB Clancy Booker 0-0: Foul Ball, location: 2F
0-1: Ball
1-1: Ball
2-1: Foul Ball, location: 2F
2-2: Ball
3-2: Base on Balls
Batting: LHB Ju-wei Shiu 0-0: Called Strike
Clancy Booker steals 2nd base
0-1: Foul Ball, location: 2F
0-2: Foul Ball, location: 2F
0-2: Ball
1-2: Foul Ball, location: 2F
1-2: Ball
2-2: Ball
3-2: Foul Ball, location: 2F
3-2: Foul Ball, location: 2F
3-2: Fly out, F9 (Flyball, 89D)
Bottom of the 5th over - 0 run(s), 0 hit(s), 0 error(s), 1 left on base; Wisconsin 4 - Trenton 7
TOP OF THE 6TH
Wisconsin Timber Rattlers batting - Pitching for Trenton Stars : RHP Juan Vázquez
Batting: RHB António Pérez 0-0: Foul Ball, location: 2F
0-1: Ball
1-1: Ground out 5-3 (Groundball, 56)
Batting: RHB Ulysse Bélisle 0-0: Called Strike
0-1: Ball
1-1: Ball
2-1: Foul Ball, location: 2F
2-2: Ball
3-2: Foul Ball, location: 2F
3-2: Base on Balls
Batting: RHB Sam Gates 0-0: Called Strike
0-1: Ball
1-1: Swinging Strike
1-2: Ball
Passed Ball!
Ulysse Bélisle to second
2-2: Foul Ball, location: 2F
2-2: Ball
3-2: Foul Ball, location: 2F
3-2: Foul Ball, location: 2F
3-2: Base on Balls
Pitching: RHP Gilberto Martínez
Batting: RHB Koin Tanaka 0-0: Ball
1-0: Ball
2-0: Called Strike
2-1: Grounds into double play, 4-6-3 (Groundball, 4)
Top of the 6th over - 0 run(s), 0 hit(s), 0 error(s), 1 left on base; Wisconsin 4 - Trenton 7
BOTTOM OF THE 6TH
Trenton Stars batting - Pitching for Wisconsin Timber Rattlers : RHP Jerry Terry
Batting: RHB Nick Bowman 0-0: Called Strike
0-1: Ground out 5-3 (Groundball, 56S)
Batting: LHB Alonzo Medine 0-0: Ball
1-0: Ball
2-0: Ball
3-0: Called Strike
3-1: Called Strike
3-2: Base on Balls
Batting: LHB Alberto Gómez 0-0: Foul Ball, location: 2F
0-1: Grounds out, U3 (Groundball, 3L)
Batting: SHB Rafael Villa 0-0: Called Strike
0-1: Called Strike
0-2: Ball
1-2: Reached on error, E3 (Groundball, 3)
Alonzo Medine to third
Batting: RHB Rafael Canales 0-0: Foul Ball, location: 2F
0-1: Ball
1-1: Foul Ball, location: 2F
1-2: Ball
2-2: DOUBLE (Flyball, 8LXD)
Alonzo Medine scores
Rafael Villa to third
Runner from 3rd tries for Home, SAFE, no throw or cutoff
Pitching: RHP Mike Brown
Batting: RHB Felipe Olivas 0-0: DOUBLE (Flyball, 8RXD)
Rafael Canales scores
Batting: LHB Jeff Gordon 0-0: Called Strike
0-1: Called Strike
0-2: Ball
1-2: Ball
2-2: Ball
3-2: Base on Balls
Batting: RHB Clancy Booker 0-0: Fielders Choice at 2nd, 5-4 (Groundball, 5)
Bottom of the 6th over - 3 run(s), 2 hit(s), 1 error(s), 1 left on base; Wisconsin 4 - Trenton 10
TOP OF THE 7TH
Wisconsin Timber Rattlers batting - Pitching for Trenton Stars : RHP Gilberto Martínez
Batting: RHB Murdoch Norton 0-0: Foul Ball, location: 2F
0-1: Foul Ball, location: 2F
0-2: Ball
1-2: SINGLE (Groundball, 6)
Batting: RHB Alfredo Padilla 0-0: SINGLE (Groundball, 6MD)
Murdoch Norton to second
Batting: LHB Tony Ortíz 0-0: Called Strike
0-1: Ball
1-1: Foul Ball, location: 2F
1-2: Foul Ball, location: 2F
1-2: SINGLE (Line Drive, 34)
Murdoch Norton to third
Alfredo Padilla to second
Batting: RHB William Farmer 0-0: Called Strike
0-1: Ball
1-1: Called Strike
1-2: SINGLE (Groundball, 34)
Murdoch Norton scores
Alfredo Padilla to third
Tony Ortíz to second
Runner from 3rd tries for Home, SAFE, throw made home
Tony Ortíz to third
William Farmer to second
Batting: RHB Vicente Vélez 0-0: Called Strike
0-1: Foul Ball, location: 2F
0-2: Ball
1-2: SINGLE (Line Drive, 89S)
Tony Ortíz scores
William Farmer to third
Runner from 3rd tries for Home, throw and OUT!
Batting: RHB António Pérez 0-0: Called Strike
0-1: Foul Ball, location: 2F
0-2: Ball
1-2: Foul Ball, location: 2F
1-2: Ball
2-2: Hit by Pitch
Vicente Vélez to second
Batting: RHB Ulysse Bélisle 0-0: Fly out, F9 (Flyball, 9M)
Batting: RHB Sam Gates 0-0: Ball
1-0: Swinging Strike
Balk!
Vicente Vélez to third
António Pérez to second
1-1: Swinging Strike
1-2: Strikes out swinging
Top of the 7th over - 3 run(s), 5 hit(s), 0 error(s), 2 left on base; Wisconsin 7 - Trenton 10
BOTTOM OF THE 7TH
Trenton Stars batting - Pitching for Wisconsin Timber Rattlers : RHP Mike Brown
Batting: LHB Ju-wei Shiu 0-0: Foul Ball, location: 2F
0-1: Ground out U3 (Groundball, 3L)
Batting: RHB Nick Bowman 0-0: Called Strike
0-1: Swinging Strike
0-2: Ball
1-2: Ball
2-2: Foul Ball, location: 2F
2-2: Foul Ball, location: 2F
2-2: Ground out 5-3 (Groundball, 56S)
Batting: LHB Alonzo Medine 0-0: Foul Ball, location: 2F
0-1: Called Strike
0-2: SOLO HOME RUN (Flyball, 89XD), Distance : 394 ft
Batting: LHB Alberto Gómez 0-0: Swinging Strike
0-1: Swinging Strike
0-2: Strikes out swinging
Bottom of the 7th over - 1 run(s), 1 hit(s), 0 error(s), 0 left on base; Wisconsin 7 - Trenton 11
TOP OF THE 8TH
Wisconsin Timber Rattlers batting - Pitching for Trenton Stars : RHP Gilberto Martínez
Batting: RHB Koin Tanaka 0-0: Ball
1-0: Called Strike
1-1: Ball
2-1: Called Strike
2-2: Ball
3-2: Base on Balls
Pitching: RHP Alfredo Ruíz
Batting: RHB Murdoch Norton 0-0: SINGLE (Line Drive, 56D)
Koin Tanaka to second
Pitching: RHP Dorian Hoskins
Batting: RHB Alfredo Padilla 0-0: Called Strike
0-1: Ball
1-1: Ball
2-1: Called Strike
2-2: Strikes out swinging
Pitching: RHP Lorenzo Vargas
Batting: LHB Tony Ortíz 0-0: Called Strike
0-1: Swinging Strike
0-2: Ball
1-2: Foul Ball, location: 2F
1-2: Foul Ball, location: 2F
1-2: Ball
2-2: Strikes out swinging
Batting: RHB William Farmer 0-0: Ball
1-0: Ground out 4-3 (Groundball, 4)
Top of the 8th over - 0 run(s), 1 hit(s), 0 error(s), 2 left on base; Wisconsin 7 - Trenton 11
BOTTOM OF THE 8TH
Trenton Stars batting - Pitching for Wisconsin Timber Rattlers : RHP Mike Brown
Batting: SHB Rafael Villa 0-0: Ball
1-0: Called Strike
1-1: Fly out, F8 (Flyball, 8LM)
Batting: RHB Rafael Canales 0-0: Ball
1-0: Ball
2-0: Foul Ball, location: 2F
2-1: Foul Ball, location: 2F
2-2: Foul Ball, location: 2F
2-2: Foul Ball, location: 2F
2-2: Foul Ball, location: 2F
2-2: Strikes out swinging
Pitching: RHP Andy Parker
Batting: RHB Felipe Olivas 0-0: Called Strike
0-1: Ball
1-1: Ground out 6-3 (Groundball, 6)
Bottom of the 8th over - 0 run(s), 0 hit(s), 0 error(s), 0 left on base; Wisconsin 7 - Trenton 11
TOP OF THE 9TH
Wisconsin Timber Rattlers batting - Pitching for Trenton Stars : RHP Lorenzo Vargas
Batting: RHB Vicente Vélez 0-0: Called Strike
0-1: Ball
1-1: Ball
2-1: Foul Ball, location: 2F
2-2: Strikes out looking
Batting: RHB António Pérez 0-0: Ball
1-0: Called Strike
1-1: Foul Ball, location: 2F
1-2: Strikes out swinging
Batting: RHB Ulysse Bélisle 0-0: Ball
1-0: Called Strike
1-1: Ball
2-1: Ball
3-1: Base on Balls
Batting: RHB Sam Gates 0-0: Called Strike
0-1: Foul Ball, location: 2F
0-2: Ball
1-2: Strikes out swinging
Top of the 9th over - 0 run(s), 0 hit(s), 0 error(s), 1 left on base; Wisconsin 7 - Trenton 11
This league is powered by Out of the Park Baseball, the baseball management simulation game for PC, Mac and Linux
Tuesday, August 2nd, 2016 - OOTP Baseball 16.8 Build 38